 Dungeon Crawl Stone Soup version 0.20-a0-435-ga4f17a0 (webtiles) character file.

45 Implojin the Cudgeler (level 3, -1/29 HPs)
             Began as a Mummy Chaos Knight on Jan 14, 2017.
             Slain by a worm (5 damage)
             ... on level 1 of the Dungeon.
             The game lasted 00:02:30 (1480 turns).

Implojin the Cudgeler (Mummy Chaos Knight)          Turns: 1480, Time: 00:02:30

Health: -1/29      AC:  5    Str: 15    XL:     3   Next: 42%
Magic:  3/3        EV: 11    Int: 11    God:    Xom [..*...]
Gold:   48         SH:  0    Dex: 12    Spells: 2/2 levels left

rFire  x . .     SeeInvis .     a - +0 mace (chaos)
rCold  + . .     Gourm    .     b - +2 leather armour
rNeg   + + +     Faith    .     (no shield)
rPois  ∞         Spirit   .     (no helmet)
rElec  .         Reflect  .     (no cloak)
rCorr  .         Harm     .     (no gloves)
MR     .....                    (no boots)
Stlth  +.........               (no amulet)
                                (no ring)
                                (no ring)

@: no status effects
A: no food or potions, fire vulnerability, cold resistance 1, negative energy
resistance 3, torment resistance, unbreathing
a: Renounce Religion


You were on level 1 of the Dungeon.
You worshipped Xom.
You were a toy of Xom.
You were not hungry.

You visited 1 branch of the dungeon, and saw 2 of its levels.

You collected 48 gold pieces.

Inventory:

Hand Weapons
 a - a +0 mace of chaos (weapon)
Armour
 b - a +2 leather armour (worn)
 d - a cursed +0 ring mail
 h - a +0 chain mail


   Skills:
 - Level 3.0 Fighting
 * Level 3.7 Maces & Flails
 - Level 1.5 Armour
 - Level 0.7 Dodging


You had 2 spell levels left.
You didn't know any spells.

Dungeon Overview and Level Annotations

Branches:
Dungeon (2/15)

Altars:

Annotations:
D:1 Ijyb


Innate Abilities, Weirdness & Mutations

You do not eat or drink.
Your flesh is vulnerable to fire.
You are immune to poison.
Your flesh is cold resistant. (rC+)
You are immune to negative energy. (rN+++)
You are immune to unholy pain and torment.
You can survive without breathing.


Message History

You hit the kobold but do no damage. The giant cockroach bites you.
The worm barely misses you. The rat bites you but does no damage.
The kobold hits you but does no damage. The giant cockroach bites you.
You barely miss the kobold. The rat bites you but does no damage.
The kobold misses you. The giant cockroach misses you. The worm bites you.
* * * LOW HITPOINT WARNING * * *
Unknown command.
You hit the kobold but do no damage. The giant cockroach bites you.
* * * LOW HITPOINT WARNING * * *
The rat barely misses you. The kobold misses you.
The giant cockroach bites you but does no damage.
The worm bites you.
* * * LOW HITPOINT WARNING * * *
You barely miss the kobold. The kobold hits you with a short sword.
* * * LOW HITPOINT WARNING * * *
The rat bites you.
* * * LOW HITPOINT WARNING * * *
The giant cockroach bites you but does no damage.
The rat barely misses you. The kobold barely misses you.
Unknown command.
As you read the scroll labeled PIR LEIPOXU, it crumbles to dust.
The dust glows bright copper!
It was a scroll of random uselessness.
The giant cockroach barely misses you. The worm bites you.
* * * LOW HITPOINT WARNING * * *
The kobold barely misses you. The rat bites you but does no damage.
Unknown command.
Unknown command.
You barely miss the kobold. The giant cockroach closely misses you.
The rat bites you but does no damage. The kobold hits you but does no damage.
The worm barely misses you. The giant cockroach misses you.
You closely miss the kobold. The giant cockroach closely misses you.
The rat bites you but does no damage. The kobold closely misses you.
Unknown command.
Unknown command.
You closely miss the kobold.
The giant cockroach completely misses you.
The kobold barely misses you. The rat bites you but does no damage.
The worm bites you.
You die... "What!?
That's it?"

# ############ ######
#..........#############...##
#..........w@K.......).....##
#..........sr##########....##
#............# ####....##
########.....# #.......##
#...#########.......##
#...........#.....####
#...#######.#.....# #
#...##....#.#.....# #
#...##......#.....##


You could see a worm, a giant cockroach, a kobold and a rat.

Vanquished Creatures
  2 adders (D:1)
  3 dart slugs (D:1)
  A leopard gecko (D:1)
  A giant cockroach (D:2)
  4 goblins (D:1)
  2 hobgoblins (D:1)
  4 kobolds (D:1)
  A ball python (D:1)
  A bat (D:1)
  A frilled lizard (D:1)
  A rat (D:1)
21 creatures vanquished.

Notes
Turn   | Place    | Note
-------+----------+-------------------------------------------
     0 | D:1      | Implojin the Mummy Chaos Knight began the quest for the Orb.
     0 | D:1      | Reached XP level 1. HP: 18/18 MP: 1/1
     3 | D:1      | Noticed an octopode
     3 | D:1      | Noticed a vine stalker
     5 | D:1      | Noticed a minotaur zombie
     6 | D:1      | Noticed a ghoul
     7 | D:1      | Noticed an elf
    16 | D:1      | Noticed a gargoyle
    18 | D:1      | Noticed a formicid
   321 | D:1      | Reached XP level 2. HP: 19/24 MP: 2/2
   553 | D:1      | Reached skill level 3 in Maces & Flails
   752 | D:2      | XOM: noise
   756 | D:2      | Noticed Ijyb
   866 | D:2      | XOM: cast spell 'Summon Small Mammal'
   867 | D:2      | XOM: butterfly on damage
  1160 | D:1      | Reached XP level 3. HP: 24/29 MP: 3/3
  1185 | D:2      | XOM: divination: detect creatures
  1198 | D:1      | XOM: silly message
  1480 | D:1      | Slain by a worm

Vault maps used:
D:1:      shiori_arrival_whats_in_store_for_you
D:2:      minmay_surrounded, uniq_iyjb

Skill      XL: |  1  2 |
---------------+-------+-----
Maces & Flails | 3 |  3.7
Fighting       | |  3.0
Armour         | |  1.5
Dodging        | |  0.7

Action                   || total
-------------------------++-------
Melee: Mace              ||    75
  Use: Scroll            ||     4
 Stab: Petrified         ||     3
Armor: Leather armour    ||    44
Dodge: Dodged            ||    60

Table legend:
 A = Turns spent in this place as a percentage of turns spent in the entire game.
 B = Non-inter-level travel turns spent in this place as a percentage of non-inter-level travel turns spent in the entire game.
 C = Inter-level travel turns spent in this place as a percentage of turns spent in this place.
 D = Turns resting spent in this place as a percentage of non-inter-level travel turns spent in this place.
 E = Turns spent auto-exploring this place as a percentage of non-inter-level travel turns spent in this place.
 F = Non-inter-level travel turns spent in this place divided by the number of levels of this place that you've seen.
                   A       B       C       D       E      F
               +-------+-------+-------+-------+-------+----------------------
         Total | 100.0 | 100.0 |   0.9 |   4.7 |   7.8 | 160.0
       Dungeon | 100.0 | 100.0 |   0.9 |   4.7 |   7.8 | 160.0
               +-------+-------+-------+-------+-------+----------------------

Table legend:
 A = Kills in this place as a percentage of kills in entire the game.
 B = Kills by you in this place as a percentage of kills by you in the entire game.
 C = Kills by friends in this place as a percentage of kills by friends in the entire game.
 D = Other kills in this place as a percentage of other kills in the entire game.
 E = Experience gained in this place as a percentage of experience gained in the entire game.
 F = Experience gained in this place divided by the number of levels of this place that you have seen.
                   A       B       C       D       E      F
               +-------+-------+-------+-------+-------+----------------------
         Total | 100.0 | 100.0 |  -nan |  -nan | 100.0 |  32.5
       Dungeon | 100.0 | 100.0 |  -nan |  -nan | 100.0 |  32.5
               +-------+-------+-------+-------+-------+----------------------
